 Dungeon Crawl Stone Soup version 0.24.0-13-gcf9b3192b9 (webtiles) character file.

Game seed: 9913338756996502918, levelgen mode: deterministic

32 PentaManta the Sneak (level 3, -1/16 HPs)
             Began as a Vampire Assassin on Nov 10, 2019.
             Slain by a hobgoblin
             ... wielding a +0 spear
              (2 damage)
             ... on level 1 of the Dungeon.
             The game lasted 00:06:43 (3451 turns).

PentaManta the Sneak (Vampire Assassin)             Turns: 3451, Time: 00:06:44

Health: -1/16      AC:  3    Str:  6 (10) XL:     3   Next: 8%
Magic:  3/3        EV: 12    Int:  9 (13) God:
Gold:   30         SH:  0    Dex: 12 (16) Spells: 2/2 levels left

rFire    . . .     SeeInvis +   k - +0 short sword
rCold    + + .     Gourm    .   (no shield)
rNeg     + + +     Faith    .   b - +0 robe
rPois    ∞         Spirit   .   (no helmet)
rElec    .         Reflect  .   c - +0 cloak
rCorr    .         Harm     .   (no gloves)
MR       .....                  (no boots)
Stlth    +++++.....             (no amulet)
HPRegen  0.00/turn              (no ring)
MPRegen  0.08/turn              (no ring)

@: bloodless, regenerating quickly
A: no food, fangs 3, see invisible, [frail 2], unbreathing
a: Bat Form, Revivify


You were on level 1 of the Dungeon.
You were bloodless.

You visited 1 branch of the dungeon, and saw 1 of its levels.

You collected 30 gold pieces.

Inventory:

Hand Weapons
 a - a +2 dagger
 k - a +0 short sword (weapon)
Missiles
 d - 8 poisoned darts (quivered)
 e - 2 curare-tipped darts
Armour
 b - a +0 robe (worn)
 c - a +0 cloak (worn)
 h - a +0 buckler
Jewellery
 g - a +1 ring of evasion {unknown}
Scrolls
 f - a scroll of identify {unknown}
 i - a scroll of enchant armour {unknown}
 j - a scroll of random uselessness {unknown}


   Skills:
 - Level 1.7 Fighting
 * Level 3.0 Short Blades
 - Level 1.5 Throwing
 * Level 2.2 Dodging
 + Level 6.2 Stealth


You had 2 spell levels left.
You didn't know any spells.
Your spell library was empty.

Dungeon Overview and Level Annotations

Branches:
Dungeon (1/15)

Altars:


Innate Abilities, Weirdness & Mutations

You do not eat.
You do not regenerate when monsters are visible.
You are frail without blood (-20% HP).
You can heal yourself when you bite living creatures.
You are immune to poison.
You have razor-sharp teeth.
You have supernaturally acute eyesight. (SInv)
You can survive without breathing.
[You are very frail. (-20% HP)]


Message History

A hobgoblin is nearby!
You are too injured to fight recklessly!
The hobgoblin closely misses you. The hobgoblin barely misses you.
The hobgoblin misses you. The hobgoblin closely misses you.
The hobgoblin hits you but does no damage.
The hobgoblin completely misses you. The hobgoblin barely misses you.
The hobgoblin closely misses you.
The hobgoblin hits you but does no damage.
The hobgoblin misses you. The hobgoblin hits you with a +0 spear.
The hobgoblin hits you with a +0 spear.
The hobgoblin hits you but does no damage.
The hobgoblin hits you with a +0 spear.
* * * LOW HITPOINT WARNING * * *
The hobgoblin closely misses you. The hobgoblin hits you with a +0 spear.
You die...

#..........#......(....+
..
#..........##..........#
#
#........%.##..........#
#..........##......#####
#####.#....##......#
###### #.#....##......#
#....#
#.#....##......###....#
#.#.#####.....).......#
# #.#.#
#.....@g........# #
#.#.###...............#
#
#.#.#.................#
##
#.#.#.#...............#
#.
#.#.#.#...............#
#.
#.#.#.###.........#.###
#. ###.#'#.#
#.........#.# ###.
#.......# #.........#.#
#... #.......#
###########.######.##


You could see a hobgoblin.

Vanquished Creatures
  2 leopard geckos (D:1)
  4 giant cockroaches (D:1)
  2 goblins (D:1)
  4 hobgoblins (D:1)
  4 jackals (D:1)
  A bat (D:1)
  5 kobolds (D:1)
  3 rats (D:1)
25 creatures vanquished.

Notes
Turn   | Place    | Note
-------+----------+-------------------------------------------
     0 | D:1      | PentaManta the Vampire Assassin began the quest for the
                  | Orb.
     0 | D:1      | Reached XP level 1. HP: 16/16 MP: 1/1
   193 | D:1      | Reached skill level 6 in Stealth
   221 | D:1      | Reached XP level 2. HP: 2/17 MP: 2/2
  1067 | D:1      | Reached XP level 3. HP: 5/21 MP: 3/3
  3451 | D:1      | Slain by a hobgoblin

Levels and vault maps discovered:
D:1:      onia_arrival_larder, layout_basic, minmay_octomino_j4

Skill      XL: |  1  2 |
---------------+-------+-----
Stealth        | 6 |  6.2
Dodging        | 2 |  2.2
Short Blades   | 3 |  3.0
Fighting       | |  1.7
Throwing       | |  1.5

Action                   || total
-------------------------++-------
Melee: Dagger            ||    65
       Bite              ||     6
       Short sword       ||    36
 Abil: Exsanguinate      ||     3
       End Transformatio ||     2
       Bat Form          ||     2
       Revivify          ||     2
 Stab: Sleeping          ||     7
       Distracted        ||     1
Armor: Robe              ||    25
Dodge: Dodged            ||    65
